AoeStats
← 76561199122638748

Arena

510537814Analyzed
4v4 RM · 2d ago on Oct 1, 2026· 31m 42s· 8 players
Game mode
Random Map
Map size
Large (8 player)
Population
200
Speed
Normal
Resources
Standard
Victory
Conquest
Starting age
Dark Age
Ending age
Imperial Age
RankedLock teamsTeams togetherTeam positionsShared explorationLock speedFull tech treeHidden civsTurbo modeCheats
Victory
Defeat
1144
+18
1140
+18
🇲🇽 Mongols · Mexico
1123
+42
🇨🇳 Franks · China
1099
+19
🇨🇱 Ethiopians · Chile
1211
-20
🇩🇪 Khmer · Germany
1202
-19
🇨🇳 Ethiopians · China
1168
-18
🇨🇳 Huns · China
1119
-16
76561199122638748
11:34 Feudal Age
14:31 Double-Bit Axe
17:07 Castle Age
18:24 Bow Saw
18:40 Gold Mining
20:54 Stone Mining
22:26 Loom
24:16 Gold Shaft Mining
23:44 Stone Mining
26:44 Wheelbarrow
31:12 Imperial Age
28:30 Town Watch
29:13 Town Patrol
29:40 Hand Cart
29:46 Forging
29:42 Scale Barding Armor
31:56 Iron Casting
31:41 Chain Barding Armor
31:29 Husbandry
适合结婚的好妹妹
10:53 Feudal Age
15:16 Castle Age
13:10 Double-Bit Axe
13:08 Horse Collar
13:45 Gold Mining
16:37 Scale Barding Armor
19:51 Forging
23:25 Bloodlines
23:15 Husbandry
27:00 Gold Shaft Mining
29:57 Iron Casting
笨包特爱玩
8:45 Feudal Age
12:26 Castle Age
10:35 Double-Bit Axe
10:59 Horse Collar
21:43 Bow Saw
23:03 Wheelbarrow
22:49 Loom
27:41 Imperial Age
25:19 Fletching
26:14 Hand Cart
26:07 Heavy Plow
26:09 Gold Mining
26:35 Bodkin Arrow
27:51 Gold Shaft Mining
27:31 Padded Archer Armor
28:07 Ballistics
27:57 Stone Mining
29:06 Conscription
29:59 Chemistry
29:39 Stone Shaft Mining
29:15 Bracer
29:42 Bloodlines
30:31 Parthian Tactics
30:55 Husbandry
31:12 Leather Archer Armor
31:04 Thumb Ring
31:48 Town Watch
遇事不决选天朝
10:59 Feudal Age
10:18 Loom
14:58 Castle Age
13:10 Double-Bit Axe
13:25 Horse Collar
18:57 Wheelbarrow
24:20 Hand Cart
24:53 Gold Mining
26:49 Bow Saw
26:41 Heavy Plow
28:19 Treadmill Crane
28:50 Fortified Wall
33:41 Imperial Age
Lucia Galan
11:05 Feudal Age
15:11 Castle Age
14:22 Double-Bit Axe
14:20 Horse Collar
14:32 Gold Mining
16:32 Fletching
18:28 Bodkin Arrow
17:58 Crossbowman
26:11 Loom
Kirara
9:47 Feudal Age
8:09 Loom
9:56 Feudal Age
13:23 Castle Age
11:45 Double-Bit Axe
15:35 Wheelbarrow
15:43 Horse Collar
20:37 Bloodlines
21:46 Gold Mining
22:49 Heavy Plow
22:52 Stone Mining
23:33 Bow Saw
24:04 Scale Barding Armor
24:24 Forging
25:27 Hand Cart
26:01 Chain Barding Armor
27:02 Iron Casting
26:52 Ballistics
26:45 Fortified Wall
26:54 Husbandry
31:30 Imperial Age
29:20 Fletching
30:12 Ballistics
zanzan114514
9:43 Feudal Age
10:53 Double-Bit Axe
13:17 Castle Age
11:48 Horse Collar
14:06 Wheelbarrow
20:24 Bow Saw
22:32 Heavy Plow
24:07 Gold Mining
24:08 Stone Mining
24:44 Hand Cart
24:57 Loom
24:57 Town Watch
25:52 Gold Shaft Mining
27:07 Fletching
27:17 Padded Archer Armor
29:49 Imperial Age
27:30 Crossbowman
28:16 Thumb Ring
28:07 Bodkin Arrow
28:38 Ballistics
29:15 Leather Archer Armor
29:33 Coinage
30:28 Thumb Ring
30:03 Arbalester
32:02 Two-Man Saw
HatredCavalry
10:39 Feudal Age
12:27 Town Watch
14:45 Castle Age
12:53 Double-Bit Axe
12:49 Horse Collar
16:20 Bow Saw
16:12 Heavy Plow
16:14 Loom
17:10 Wheelbarrow
21:09 Town Watch
23:06 Hand Cart
25:14 Gold Mining
29:01 Bloodlines
28:51 Husbandry
28:58 Scale Barding Armor
31:26 Imperial Age
31:26 Forging
Connection lost

Rejoining the realm…

Still unreachable

The connection could not be restored.

Session expired

The server has moved on; the page needs a fresh start.